Monarchs vs Sharks

Created - Wednesday, February 04, 2015 at 00:05

Goals
1 2 3 T
Monarchs 0 0 2 2
Sharks 1 1 1 3
Shots
1 2 3 T
Monarchs 6 7 16 29
Sharks 6 7 10 23

1st period

1. Sharks , Mark Barberio 34 (J.C. Lipon) at 8:41

Penalties :
Alexandre Bolduc (WOR) for Holding (Minor) at 0:42, Brendan Mikkelson (WOR) for Interference (Minor) at 11:30, Nicolas Deslauriers (WOR) for Fighting (Major) at 13:49, Bobby Robins (MAN) for Fighting (Major) at 13:49, David van der Gulik (WOR) for Holding (Minor) at 14:15

2nd period

2. Sharks , Michael Latta 7 (Richard Panik, Patrick McNeill) at 13:48

Penalties :
Mathieu Tousignant (MAN) for Goalie Interference (Minor) at 14:57

3rd period

3. Monarchs , Keith Ballard 37 (Raffi Torres, Nathan Paetsch) at 0:37
4. Monarchs , Keith Ballard 38 (Bobby Robins) at 9:48
5. Sharks , Mark Barberio 35 (Richard Panik) at 10:37

Penalties :
Michael Latta (WOR) for Fighting (Major) at 6:52, Taylor Doherty (MAN) for Fighting (Major) at 6:52, Joey Mormina (WOR) for Tripping (Minor) at 7:15, Bobby Robins (MAN) for Roughing (Minor) at 15:50, Brendan Mikkelson (WOR) for Hooking (Minor) at 19:54

Goalie Stats

Niklas Svedberg (MAN), 20 saves from 23 shots - (0.870), L, 29-22-5, 59:27 minutes
Dov Grumet-Morris (WOR), 27 saves from 29 shots - (0.931), W, 6-7-1, 60:00 minutes

Players Stats for Monarchs

Player Name              G  A  P  +/- PIM S  H  SB GA TA FO     MP     PP MP  PK MP  
------------------------------------------------------------------------------------
Bobby Robins             0  1  1   1  7   1  1  0  1  0  0/0    12:12   0:00   0:00 
Brett Olson              0  0  0  -1  0   4  0  1  2  2  7/13   20:14   4:13   0:00 
Byron Froese             0  0  0   0  0   1  0  0  0  0  0/1     2:10   0:00   0:00 
C.J. Stretch             0  0  0   1  0   3  0  0  3  1  1/3    18:51   0:30   1:40 
David Rundblad           0  0  0   0  0   0  0  0  0  0  0/0     0:00   0:00   0:00 
Derek Forbort            0  0  0  -2  0   1  2  0  0  4  0/0    19:47   2:29   2:12 
Jared Knight             0  0  0  -1  0   2  3  1  0  0  0/0    19:26   3:48   0:00 
Jason Jaffray            0  0  0   0  0   0  3  1  0  0  3/6    23:08   3:18   1:56 
Joe Morrow               0  0  0  -2  0   1  1  0  2  0  0/0    19:47   2:29   2:12 
Jordan Hill              0  0  0   0  0   0  3  0  0  0  0/0    14:57   0:00   0:00 
Keith Ballard            2  0  2   2  0   7  3  4  2  3  0/0    25:19   5:32   1:46 
Matej Stransky           0  0  0  -1  0   2  1  0  1  1  0/1    20:09   4:13   0:00 
Mathieu Tousignant       0  0  0   1  2   1  1  0  0  0  0/1    14:17   0:00   0:35 
Mikhail Grigorenko       0  0  0  -1  0   3  1  0  4  0  7/17   21:56   3:48   2:11 
Nathan Paetsch           0  1  1   1  0   1  2  0  1  0  0/0    26:50   5:32   1:46 
Raffi Torres             0  1  1  -1  0   1  0  0  2  0  0/0    20:28   4:13   1:34 
Rostislav Olesz          0  0  0  -1  0   0  0  0  0  0  0/0     3:08   0:00   0:00 
Taylor Doherty           0  0  0  -1  5   1  2  0  0  1  0/0    13:19   0:00   0:00 

Players Stats for Sharks

Player Name              G  A  P  +/- PIM S  H  SB GA TA FO     MP     PP MP  PK MP  
------------------------------------------------------------------------------------
Alexandre Bolduc         0  0  0   0  2   4  1  1  3  0  8/9    18:53   1:58   2:35 
Andy Andreoff            0  0  0   0  0   0  0  0  0  0  0/0     0:00   0:00   0:00 
Brendan Mikkelson        0  0  0   1  4   0  0  1  1  1  0/0    24:33   1:56   2:59 
David van der Gulik      0  0  0   1  2   0  0  0  1  0  0/0    13:28   0:00   1:57 
Dominik Uher             0  0  0   0  0   0  0  0  0  1  2/7    13:48   0:12   0:00 
J.C. Lipon               0  1  1   0  0   1  2  0  2  0  0/0    15:26   2:00   0:00 
Joey Mormina             0  0  0   0  2   1  1  0  0  1  0/0    24:55   1:56   1:55 
Louis Leblanc            0  0  0   0  0   0  0  0  0  1  3/9    22:34   1:20   4:33 
Marek Hrivik             0  0  0   0  0   0  0  0  0  0  0/0     0:00   0:00   0:00 
Mark Barberio            2  0  2   1  0   7  1  1  1  1  0/0    21:43   0:00   3:52 
Mark McNeill             0  0  0   0  0   1  1  0  3  0  9/12   17:48   2:00   2:15 
Michael Latta            1  0  1   1  5   1  1  2  2  2  2/3    12:45   0:38   0:00 
Mike Halmo               0  0  0   0  0   1  3  1  0  0  0/0     9:48   0:00   0:00 
Nicolas Deslauriers      0  0  0   0  5   3  1  0  3  1  0/0    21:59   2:02   3:07 
Patrick McNeill          0  1  1   1  0   0  2  1  0  0  0/0    25:45   2:02   4:09 
Richard Panik            0  2  2   1  0   2  3  1  2  0  0/2    17:40   1:58   0:00 
Tye McGinn               0  0  0   0  0   2  4  0  1  0  0/0    19:58   1:48   4:42 
Wade Brookbank           0  0  0  -1  0   0  1  0  0  0  0/0    10:49   0:00   0:00 

3 Stars

1 - Keith Ballard (MAN)
2 - Mark Barberio (WOR)
3 - Richard Panik (WOR)

Power Play

Monarchs - 0 on 5 Attempt(s) - 0.00%
Sharks - 0 on 2 Attempt(s) - 0.00%

Penalty Kill

Monarchs - 2 on 2 Attempt(s) - 100.00% - Score 0 goal in Penalty Kill
Sharks - 5 on 5 Attempt(s) - 100.00% - Score 0 goal in Penalty Kill

Team Stat

Monarchs - Hits : 23 - Faceoff Wins : 18 - Blocked Shots : 7 - Penalty Minutes : 14
Sharks - Hits : 21 - Faceoff Wins : 24 - Blocked Shots : 8 - Penalty Minutes : 20

Official

Referees : Unknown
Linesman : Unknown

Game Notes

Nicolas Deslauriers beats up Bobby Robins at 13:49 of 1st period
Michael Latta beats up Taylor Doherty at 6:52 of 3rd period

Finance

Level 1 -- Attendance: 1448 (72.40%) -- Ticket Income $50,680
Level 2 -- Attendance: 706 (70.60%) -- Ticket Income $10,590
Total Attendance: 2154 (71.80%)
Total Ticket Income: $61,270
Other Income: $30,022
Total Income: $91,292

Monarchs

5 vs 5 Forward 
   Center                   Left Wing                Right Wing               Time % Phy DF OF 
 1 Mikhail Grigorenko       Jason Jaffray            Jared Knight             35     1   2  2  
 2 Brett Olson              Raffi Torres             Matej Stransky           30     1   2  2  
 3 C.J. Stretch             Jason Jaffray            Bobby Robins             22     1   2  2  
 4 Mathieu Tousignant       Jason Jaffray            Raffi Torres             13     1   2  2  

5 vs 5 Defense 
   Defense                  Defense                                           Time % Phy DF OF 
 1 Keith Ballard            Nathan Paetsch                                    35     1   2  2  
 2 Joe Morrow               Derek Forbort                                     30     1   2  2  
 3 Jordan Hill              Taylor Doherty                                    22     1   2  2  
 4 Nathan Paetsch           Keith Ballard                                     13     1   2  2  

PowerPlay Forward 
   Center                   Left Wing                Right Wing               Time % Phy DF OF 
 1 Mikhail Grigorenko       Jason Jaffray            Jared Knight             60     1   2  2  
 2 Brett Olson              Raffi Torres             Matej Stransky           40     1   2  2  

PowerPlay Defense
   Defense                  Defense                                           Time % Phy DF OF 
 1 Keith Ballard            Nathan Paetsch                                    60     1   2  2  
 2 Joe Morrow               Derek Forbort                                     40     1   2  2  

Penalty Kill 4 Players Forward 
   Center                   Wing                     Time % Phy DF OF 
 1 Jason Jaffray            Raffi Torres             60     1   2  2  
 2 Mikhail Grigorenko       Brett Olson              40     1   2  2  

Penalty Kill 4 Players Defense
   Defense                  Defense                  Time % Phy DF OF 
 1 Keith Ballard            Nathan Paetsch           60     1   2  2  
 2 Joe Morrow               Derek Forbort            40     1   2  2  

Penalty Kill - 3 Players Forward 
   Forward                                           Time % Phy DF OF 
 1 Jason Jaffray                                     60     1   2  2  
 2 Raffi Torres                                      40     1   2  2  

Penalty Kill - 3 Players Defense
   Defense                  Defense                  Time % Phy DF OF 
 1 Keith Ballard            Nathan Paetsch           60     1   2  2  
 2 Joe Morrow               Derek Forbort            40     1   2  2  

4 vs 4 Forward 
   Center                   Wing                     Time % Phy DF OF 
 1 Jason Jaffray            Raffi Torres             60     1   2  2  
 2 Mikhail Grigorenko       Brett Olson              40     1   2  2  

4 vs 4 Defense
   Defense                  Defense                  Time % Phy DF OF 
 1 Keith Ballard            Nathan Paetsch           60     1   2  2  
 2 Joe Morrow               Derek Forbort            40     1   2  2  

Last Minutes Offensive
   Center                   Left Wing                Right Wing               Defense                  Defense                  
   Mikhail Grigorenko       Jason Jaffray            Jared Knight             Keith Ballard            Nathan Paetsch           

Last Minutes Defensive
   Center                   Left Wing                Right Wing               Defense                  Defense                  
   Mikhail Grigorenko       Jason Jaffray            Jared Knight             Keith Ballard            Nathan Paetsch           

Goaltenders
Starting : Niklas Svedberg          
Backup : Reto Berra               

Extra Forwards
Normal : Jason Jaffray, C.J. Stretch, Mathieu Tousignant - PP : Jason Jaffray, C.J. Stretch - PK : Mathieu Tousignant
Extra Defensemen
Normal : Jordan Hill, Taylor Doherty, Nathan Paetsch - PP : Jordan Hill - PK : Taylor Doherty, Keith Ballard
Penalty Shots
Jason Jaffray, Raffi Torres, Mikhail Grigorenko, Brett Olson, Jared Knight

Sharks

5 vs 5 Forward 
   Center                   Left Wing                Right Wing               Time % Phy DF OF 
 1 Alexandre Bolduc         Richard Panik            Louis Leblanc            35     1   2  2  
 2 Mark McNeill             Tye McGinn               J.C. Lipon               30     1   2  2  
 3 Michael Latta            David van der Gulik      Nicolas Deslauriers      22     1   2  2  
 4 Dominik Uher             Mike Halmo               Nicolas Deslauriers      13     1   2  2  

5 vs 5 Defense 
   Defense                  Defense                                           Time % Phy DF OF 
 1 Brendan Mikkelson        Mark Barberio                                     35     1   2  2  
 2 Nicolas Deslauriers      Patrick McNeill                                   30     1   2  2  
 3 Patrick McNeill          Joey Mormina                                      22     1   2  2  
 4 Joey Mormina             Wade Brookbank                                    13     1   2  2  

PowerPlay Forward 
   Center                   Left Wing                Right Wing               Time % Phy DF OF 
 1 Alexandre Bolduc         Richard Panik            Louis Leblanc            60     1   2  2  
 2 Mark McNeill             Tye McGinn               J.C. Lipon               40     1   2  2  

PowerPlay Defense
   Defense                  Defense                                           Time % Phy DF OF 
 1 Joey Mormina             Brendan Mikkelson                                 60     1   2  2  
 2 Nicolas Deslauriers      Patrick McNeill                                   40     1   2  2  

Penalty Kill 4 Players Forward 
   Center                   Wing                     Time % Phy DF OF 
 1 Louis Leblanc            Tye McGinn               60     1   2  2  
 2 Alexandre Bolduc         Mark McNeill             40     1   2  2  

Penalty Kill 4 Players Defense
   Defense                  Defense                  Time % Phy DF OF 
 1 Brendan Mikkelson        Mark Barberio            60     1   2  2  
 2 Nicolas Deslauriers      Patrick McNeill          40     1   2  2  

Penalty Kill - 3 Players Forward 
   Forward                                           Time % Phy DF OF 
 1 Alexandre Bolduc                                  60     1   2  2  
 2 Tye McGinn                                        40     1   2  2  

Penalty Kill - 3 Players Defense
   Defense                  Defense                  Time % Phy DF OF 
 1 Joey Mormina             Brendan Mikkelson        60     1   2  2  
 2 Nicolas Deslauriers      Patrick McNeill          40     1   2  2  

4 vs 4 Forward 
   Center                   Wing                     Time % Phy DF OF 
 1 Michael Latta            Tye McGinn               60     1   2  2  
 2 Alexandre Bolduc         Mark McNeill             40     1   2  2  

4 vs 4 Defense
   Defense                  Defense                  Time % Phy DF OF 
 1 Mark Barberio            Joey Mormina             60     1   2  2  
 2 Nicolas Deslauriers      Patrick McNeill          40     1   2  2  

Last Minutes Offensive
   Center                   Left Wing                Right Wing               Defense                  Defense                  
   Alexandre Bolduc         Richard Panik            Louis Leblanc            Brendan Mikkelson        Mark Barberio            

Last Minutes Defensive
   Center                   Left Wing                Right Wing               Defense                  Defense                  
   Alexandre Bolduc         Richard Panik            Louis Leblanc            Brendan Mikkelson        Mark Barberio            

Goaltenders
Starting : Dov Grumet-Morris        
Backup : Farm Player76            

Extra Forwards
Normal : Michael Latta, Dominik Uher, David van der Gulik - PP : Michael Latta, Dominik Uher - PK : David van der Gulik
Extra Defensemen
Normal : Nicolas Deslauriers, Joey Mormina, Patrick McNeill - PP : Patrick McNeill - PK : Joey Mormina, Patrick McNeill
Penalty Shots
David van der Gulik, Nicolas Deslauriers, Tye McGinn, Alexandre Bolduc, Mark McNeill

% Time on Ice - Monarchs

Lines # - Real PCT - Wanted PCT - Time Play
Normal Forward
1 - 30% - 35% - 13:57
2 - 34% - 30% - 16:01
3 - 29% - 22% - 13:41
4 - 7% - 13% - 3:29
Normal Defense
1 - 31% - 35% - 14:38
2 - 32% - 30% - 15:06
3 - 32% - 22% - 14:57
4 - 5% - 13% - 2:27
PP Forward
1 - 47% - 60% - 3:48
2 - 53% - 40% - 4:13
PP Defense
1 - 69% - 60% - 5:32
2 - 31% - 40% - 2:29
PK Forward
1 - 100% - 60% - 3:58
2 - 0% - 40% - 0:00
PK Defense
1 - 45% - 60% - 1:46
2 - 55% - 40% - 2:12
PK3 Forward
1 - 0% - 60%
2 - 0% - 40%
PK3 Defense
1 - 0% - 60%
2 - 0% - 40%
44 Forward
1 - 0% - 60%
2 - 0% - 40%
44 Defense
1 - 0% - 60%
2 - 0% - 40%
Last Minute Offensive  - 0:53
Last Minute Defensive  - 0:00
Total
Forward - 60:00
Defense - 60:00

% Time on Ice - Sharks

Lines # - Real PCT - Wanted PCT - Time Play
Normal Forward
1 - 30% - 35% - 14:22
2 - 28% - 30% - 13:33
3 - 21% - 22% - 10:15
4 - 20% - 13% - 9:48
Normal Defense
1 - 38% - 35% - 18:17
2 - 21% - 30% - 10:05
3 - 20% - 22% - 9:29
4 - 21% - 13% - 10:07
PP Forward
1 - 50% - 60% - 1:58
2 - 50% - 40% - 2:00
PP Defense
1 - 49% - 60% - 1:56
2 - 51% - 40% - 2:02
PK Forward
1 - 72% - 60% - 5:46
2 - 28% - 40% - 2:15
PK Defense
1 - 48% - 60% - 3:52
2 - 52% - 40% - 4:09
PK3 Forward
1 - 0% - 60%
2 - 0% - 40%
PK3 Defense
1 - 0% - 60%
2 - 0% - 40%
44 Forward
1 - 0% - 60%
2 - 0% - 40%
44 Defense
1 - 0% - 60%
2 - 0% - 40%
Last Minute Offensive  - 0:00
Last Minute Defensive  - 0:03
Total
Forward - 60:00
Defense - 60:00

Play by Play

1st period


0:01 of 1st period - Alexandre Bolduc wins face-off versus Mikhail Grigorenko in neutral zone.
0:36 of 1st period - Slapshot by Keith Ballard.
0:36 of 1st period - Shot Misses the Net.
0:42 of 1st period - Minor Penalty to Alexandre Bolduc for Holding.
0:43 of 1st period - Louis Leblanc wins face-off versus Matej Stransky in Sharks zone.
1:37 of 1st period - Tye McGinn is hit by Jason Jaffray and loses puck.
1:44 of 1st period - Wrist shot by Mikhail Grigorenko.
1:44 of 1st period - Stopped by Dov Grumet-Morris without a rebound.
1:45 of 1st period - Louis Leblanc wins face-off versus Mikhail Grigorenko in Sharks zone.
1:56 of 1st period - Snap shot by Mark Barberio.
1:56 of 1st period - Stopped by Niklas Svedberg with a rebound.
2:06 of 1st period - David van der Gulik is hit by Jared Knight and loses puck.
2:42 of 1st period - Penalty to Alexandre Bolduc is over, Alexandre Bolduc is back on ice.
3:04 of 1st period - Joe Morrow is hit by Nicolas Deslauriers and loses puck.
4:41 of 1st period - Nathan Paetsch is hit by Patrick McNeill and loses puck.
5:05 of 1st period - Derek Forbort is hit by Tye McGinn and loses puck.
5:28 of 1st period - Snap shot by Alexandre Bolduc.
5:28 of 1st period - Stopped by Niklas Svedberg with a rebound.
6:31 of 1st period - Wrist shot by Mike Halmo.
6:31 of 1st period - Stopped by Niklas Svedberg without a rebound.
6:32 of 1st period - Mikhail Grigorenko wins face-off versus Dominik Uher in Monarchs zone.
6:47 of 1st period - Slapshot by Keith Ballard.
6:47 of 1st period - Shot Misses the Net.
6:49 of 1st period - Slapshot by Jared Knight.
6:49 of 1st period - Shot Misses the Net.
7:29 of 1st period - Wrist shot by J.C. Lipon.
7:29 of 1st period - Shot Blocked by Keith Ballard.
7:53 of 1st period - Wade Brookbank is hit by Keith Ballard and loses puck.
8:02 of 1st period - Slapshot by Nicolas Deslauriers.
8:02 of 1st period - Stopped by Niklas Svedberg with a rebound.
8:41 of 1st period - Slapshot by Mark Barberio.
8:41 of 1st period - Goal by Mark Barberio - Monarchs : 0 - Sharks : 1.
8:42 of 1st period - Mikhail Grigorenko wins face-off versus Mark McNeill in neutral zone.
9:06 of 1st period - Mark McNeill is hit by Derek Forbort and loses puck.
9:50 of 1st period - Nicolas Deslauriers is hit by Derek Forbort and loses puck.
10:37 of 1st period - Snap shot by C.J. Stretch.
10:37 of 1st period - Stopped by Dov Grumet-Morris with a rebound.
10:56 of 1st period - Icing by Jordan Hill.
10:57 of 1st period - Mark McNeill wins face-off versus Mikhail Grigorenko in Monarchs zone.
11:30 of 1st period - Minor Penalty to Brendan Mikkelson for Interference.
11:31 of 1st period - Louis Leblanc wins face-off versus Mikhail Grigorenko in Sharks zone.
11:45 of 1st period - Wrist shot by Nathan Paetsch.
11:45 of 1st period - Deflect By David van der Gulik.
11:45 of 1st period - Stopped by Dov Grumet-Morris without a rebound.
11:46 of 1st period - Jason Jaffray wins face-off versus Louis Leblanc in Sharks zone.
13:04 of 1st period - Mark Barberio is hit by Keith Ballard and loses puck.
13:30 of 1st period - Penalty to Brendan Mikkelson is over, Brendan Mikkelson is back on ice.
13:41 of 1st period - Derek Forbort is hit by Mark Barberio and loses puck.
13:49 of 1st period - Nicolas Deslauriers beats up Bobby Robins.
13:49 of 1st period - Penalty to Nicolas Deslauriers for Fighting.
13:49 of 1st period - Penalty to Bobby Robins for Fighting.
13:50 of 1st period - Jason Jaffray wins face-off versus Michael Latta in neutral zone.
14:15 of 1st period - Minor Penalty to David van der Gulik for Holding.
14:16 of 1st period - Brett Olson wins face-off versus Louis Leblanc in Sharks zone.
14:56 of 1st period - Mark McNeill is hit by Jason Jaffray and loses puck.
15:31 of 1st period - Tye McGinn is hit by Mikhail Grigorenko and loses puck.
16:15 of 1st period - Penalty to David van der Gulik is over, David van der Gulik is back on ice.
17:36 of 1st period - Mark McNeill is hit by Jordan Hill and loses puck.
18:11 of 1st period - Snap shot by Richard Panik.
18:11 of 1st period - Stopped by Niklas Svedberg with a rebound.
18:39 of 1st period - Snap shot by Mikhail Grigorenko.
18:39 of 1st period - Shot Misses the Net.
18:41 of 1st period - Snap shot by Byron Froese.
18:41 of 1st period - Stopped by Dov Grumet-Morris with a rebound.
18:43 of 1st period - Snap shot by Mikhail Grigorenko.
18:43 of 1st period - Shot Blocked by Michael Latta.
18:53 of 1st period - Slapshot by Keith Ballard.
18:53 of 1st period - Stopped by Dov Grumet-Morris without a rebound.
18:54 of 1st period - Dominik Uher wins face-off versus Byron Froese in Sharks zone.
18:54 of 1st period - Dominik Uher is hit by Jared Knight.
19:00 of 1st period - Slapshot by Nicolas Deslauriers.
19:00 of 1st period - Shot Misses the Net.
19:08 of 1st period - Nicolas Deslauriers is hit by Nathan Paetsch and loses puck.
19:28 of 1st period - Snap shot by Mikhail Grigorenko.
19:28 of 1st period - Shot Misses the Net.
19:30 of 1st period - Wrist shot by Bobby Robins.
19:30 of 1st period - Shot Misses the Net.
19:32 of 1st period - Slapshot by Derek Forbort.
19:32 of 1st period - Deflect By C.J. Stretch.
19:32 of 1st period - Stopped by Dov Grumet-Morris with a rebound.
19:46 of 1st period - Slapshot by Matej Stransky.
19:46 of 1st period - Shot Misses the Net.
19:48 of 1st period - Slapshot by Mathieu Tousignant.
19:48 of 1st period - Shot Hit the Post.
19:50 of 1st period - Slapshot by Jordan Hill.
19:50 of 1st period - Shot Misses the Net.
Goals for this period are 0 for Monarchs vs 1 for Sharks.
Shots for this period are 6 for Monarchs vs 6 for Sharks.

2nd period


0:01 of 2nd period - Mikhail Grigorenko wins face-off versus Richard Panik in neutral zone.
0:13 of 2nd period - Snap shot by Richard Panik.
0:13 of 2nd period - Shot Misses the Net.
0:48 of 2nd period - Nathan Paetsch is hit by Tye McGinn and loses puck.
0:55 of 2nd period - Nathan Paetsch is hit by J.C. Lipon and loses puck.
1:10 of 2nd period - Joe Morrow is hit by Joey Mormina and loses puck.
2:05 of 2nd period - Brendan Mikkelson is hit by Taylor Doherty and loses puck.
4:54 of 2nd period - Keith Ballard is hit by Richard Panik and loses puck.
5:11 of 2nd period - Slapshot by Mark Barberio.
5:11 of 2nd period - Deflect By Keith Ballard.
5:11 of 2nd period - Stopped by Niklas Svedberg with a rebound.
6:15 of 2nd period - Keith Ballard is hit by Mark McNeill and loses puck.
6:20 of 2nd period - Snap shot by Mark Barberio.
6:20 of 2nd period - Shot Misses the Net.
6:22 of 2nd period - Wrist shot by Mark McNeill.
6:22 of 2nd period - Stopped by Niklas Svedberg with a rebound.
6:24 of 2nd period - Slapshot by Mark Barberio.
6:24 of 2nd period - Shot Blocked by Keith Ballard.
8:00 of 2nd period - Michael Latta is hit by Taylor Doherty and loses puck.
8:05 of 2nd period - Slapshot by Brett Olson.
8:05 of 2nd period - Stopped by Dov Grumet-Morris without a rebound.
8:06 of 2nd period - Michael Latta wins face-off versus Brett Olson in Sharks zone.
8:17 of 2nd period - Derek Forbort is hit by Wade Brookbank and loses puck.
8:42 of 2nd period - Nicolas Deslauriers is hit by Bobby Robins.
8:55 of 2nd period - Jason Jaffray is hit by Mike Halmo and loses puck.
9:10 of 2nd period - Snap shot by J.C. Lipon.
9:10 of 2nd period - Stopped by Niklas Svedberg without a rebound.
9:11 of 2nd period - Mark McNeill wins face-off versus Brett Olson in Monarchs zone.
9:22 of 2nd period - Wrist shot by Raffi Torres.
9:22 of 2nd period - Stopped by Dov Grumet-Morris with a rebound.
9:24 of 2nd period - Wrist shot by Brett Olson.
9:24 of 2nd period - Stopped by Dov Grumet-Morris with a rebound.
9:45 of 2nd period - Mark McNeill is hit by Jordan Hill.
9:57 of 2nd period - Jared Knight is hit by Richard Panik and loses puck.
10:44 of 2nd period - Slapshot by Brett Olson.
10:44 of 2nd period - Shot Misses the Net.
11:13 of 2nd period - Dominik Uher is hit by Mathieu Tousignant and loses puck.
11:45 of 2nd period - Wade Brookbank is hit by Keith Ballard and loses puck.
12:11 of 2nd period - Mike Halmo is hit by Jordan Hill and loses puck.
12:29 of 2nd period - Snap shot by Mathieu Tousignant.
12:29 of 2nd period - Stopped by Dov Grumet-Morris without a rebound.
12:30 of 2nd period - Michael Latta wins face-off versus Mathieu Tousignant in Sharks zone.
13:01 of 2nd period - Slapshot by Mark Barberio.
13:01 of 2nd period - Stopped by Niklas Svedberg with a rebound.
13:46 of 2nd period - Snap shot by Michael Latta.
13:46 of 2nd period - Shot Misses the Net.
13:48 of 2nd period - Snap shot by Michael Latta.
13:48 of 2nd period - Goal by Michael Latta - Monarchs : 0 - Sharks : 2.
13:49 of 2nd period - C.J. Stretch wins face-off versus Louis Leblanc in neutral zone.
13:52 of 2nd period - Slapshot by Joe Morrow.
13:52 of 2nd period - Shot Misses the Net.
13:54 of 2nd period - Slapshot by Joe Morrow.
13:54 of 2nd period - Shot Misses the Net.
13:56 of 2nd period - Wrist shot by C.J. Stretch.
13:56 of 2nd period - Shot Blocked by Alexandre Bolduc.
13:58 of 2nd period - Wrist shot by C.J. Stretch.
13:58 of 2nd period - Shot Misses the Net.
14:00 of 2nd period - Snap shot by Bobby Robins.
14:00 of 2nd period - Shot Misses the Net.
14:02 of 2nd period - Slapshot by Derek Forbort.
14:02 of 2nd period - Shot Misses the Net.
14:04 of 2nd period - Snap shot by Bobby Robins.
14:04 of 2nd period - Shot Misses the Net.
14:06 of 2nd period - Slapshot by C.J. Stretch.
14:06 of 2nd period - Shot Misses the Net.
14:08 of 2nd period - Slapshot by Joe Morrow.
14:08 of 2nd period - Shot Misses the Net.
14:57 of 2nd period - Minor Penalty to Mathieu Tousignant for Goalie Interference.
14:58 of 2nd period - Alexandre Bolduc wins face-off versus Jason Jaffray in Monarchs zone.
15:12 of 2nd period - Off-side.
15:13 of 2nd period - Alexandre Bolduc wins face-off versus Jason Jaffray in neutral zone.
15:30 of 2nd period - Snap shot by Tye McGinn.
15:30 of 2nd period - Shot Misses the Net.
15:32 of 2nd period - Backhand shot by Patrick McNeill.
15:32 of 2nd period - Shot Misses the Net.
16:10 of 2nd period - Snap shot by Mikhail Grigorenko.
16:10 of 2nd period - Shot Blocked by Richard Panik.
16:18 of 2nd period - Snap shot by Mikhail Grigorenko.
16:18 of 2nd period - Stopped by Dov Grumet-Morris with a rebound.
16:41 of 2nd period - Slapshot by Nicolas Deslauriers.
16:41 of 2nd period - Deflect By Joe Morrow.
16:41 of 2nd period - Stopped by Niklas Svedberg without a rebound.
16:42 of 2nd period - Mark McNeill wins face-off versus C.J. Stretch in Monarchs zone.
16:43 of 2nd period - Slapshot by Nicolas Deslauriers.
16:43 of 2nd period - Shot Misses the Net.
16:57 of 2nd period - Penalty to Mathieu Tousignant is over, Mathieu Tousignant is back on ice.
17:48 of 2nd period - Derek Forbort is hit by Mike Halmo and loses puck.
18:28 of 2nd period - Wrist shot by Mikhail Grigorenko.
18:28 of 2nd period - Stopped by Dov Grumet-Morris with a rebound.
18:30 of 2nd period - Slapshot by Keith Ballard.
18:30 of 2nd period - Stopped by Dov Grumet-Morris without a rebound.
18:31 of 2nd period - Brett Olson wins face-off versus Alexandre Bolduc in Sharks zone.
19:31 of 2nd period - Snap shot by Nicolas Deslauriers.
19:31 of 2nd period - Stopped by Niklas Svedberg with a rebound.
19:39 of 2nd period - Wrist shot by Nicolas Deslauriers.
19:39 of 2nd period - Shot Misses the Net.
Goals for this period are 0 for Monarchs vs 1 for Sharks.
Shots for this period are 7 for Monarchs vs 7 for Sharks.

3rd period


0:01 of 3rd period - Mikhail Grigorenko wins face-off versus Richard Panik in neutral zone.
0:11 of 3rd period - Off-side.
0:12 of 3rd period - Alexandre Bolduc wins face-off versus Jason Jaffray in neutral zone.
0:25 of 3rd period - Wrist shot by Alexandre Bolduc.
0:25 of 3rd period - Deflect By Richard Panik.
0:25 of 3rd period - Shot Misses the Net.
0:25 of 3rd period - Puck is out of play.
0:26 of 3rd period - Mark McNeill wins face-off versus Brett Olson in Monarchs zone.
0:37 of 3rd period - Slapshot by Keith Ballard.
0:37 of 3rd period - Deflect By Nicolas Deslauriers.
0:37 of 3rd period - Goal by Keith Ballard - Monarchs : 1 - Sharks : 2.
0:38 of 3rd period - Alexandre Bolduc wins face-off versus Mikhail Grigorenko in neutral zone.
0:53 of 3rd period - Snap shot by Alexandre Bolduc.
0:53 of 3rd period - Stopped by Niklas Svedberg with a rebound.
0:55 of 3rd period - Slapshot by Patrick McNeill.
0:55 of 3rd period - Shot Blocked by Keith Ballard.
0:57 of 3rd period - Slapshot by Joey Mormina.
0:57 of 3rd period - Stopped by Niklas Svedberg with a rebound.
1:05 of 3rd period - Wrist shot by Alexandre Bolduc.
1:05 of 3rd period - Shot Misses the Net.
1:11 of 3rd period - Slapshot by Richard Panik.
1:11 of 3rd period - Stopped by Niklas Svedberg with a rebound.
1:48 of 3rd period - Joe Morrow is hit by J.C. Lipon and loses puck.
2:15 of 3rd period - Slapshot by Mark Barberio.
2:15 of 3rd period - Stopped by Niklas Svedberg with a rebound.
2:27 of 3rd period - Bobby Robins is hit by Michael Latta and loses puck.
2:36 of 3rd period - Wrist shot by Bobby Robins.
2:36 of 3rd period - Stopped by Dov Grumet-Morris with a rebound.
2:38 of 3rd period - Snap shot by C.J. Stretch.
2:38 of 3rd period - Shot Blocked by Michael Latta.
2:40 of 3rd period - Wrist shot by Jason Jaffray.
2:40 of 3rd period - Shot Misses the Net.
2:42 of 3rd period - Snap shot by Jason Jaffray.
2:42 of 3rd period - Shot Misses the Net.
3:35 of 3rd period - Patrick McNeill is hit by Nathan Paetsch and loses puck.
3:46 of 3rd period - Snap shot by Keith Ballard.
3:46 of 3rd period - Stopped by Dov Grumet-Morris without a rebound.
3:47 of 3rd period - Brett Olson wins face-off versus Dominik Uher in Sharks zone.
3:54 of 3rd period - Wrist shot by Brett Olson.
3:54 of 3rd period - Shot Misses the Net.
3:56 of 3rd period - Slapshot by Brett Olson.
3:56 of 3rd period - Shot Misses the Net.
4:05 of 3rd period - Off-side.
4:06 of 3rd period - Mikhail Grigorenko wins face-off versus Dominik Uher in neutral zone.
4:11 of 3rd period - Slapshot by Joe Morrow.
4:11 of 3rd period - Shot Misses the Net.
4:13 of 3rd period - Wrist shot by Jared Knight.
4:13 of 3rd period - Shot Misses the Net.
4:15 of 3rd period - Slapshot by Joe Morrow.
4:15 of 3rd period - Stopped by Dov Grumet-Morris with a rebound.
4:17 of 3rd period - Slapshot by Derek Forbort.
4:17 of 3rd period - Stopped by Dov Grumet-Morris with a rebound.
4:19 of 3rd period - Wrist shot by C.J. Stretch.
4:19 of 3rd period - Shot Misses the Net.
4:21 of 3rd period - Wrist shot by Jared Knight.
4:21 of 3rd period - Shot Misses the Net.
4:23 of 3rd period - Slapshot by C.J. Stretch.
4:23 of 3rd period - Stopped by Dov Grumet-Morris with a rebound.
4:25 of 3rd period - Snap shot by Joe Morrow.
4:25 of 3rd period - Shot Misses the Net.
5:39 of 3rd period - Nathan Paetsch is hit by Richard Panik and loses puck.
6:04 of 3rd period - Matej Stransky is hit by Tye McGinn and loses puck.
6:31 of 3rd period - Wrist shot by Mikhail Grigorenko.
6:31 of 3rd period - Shot Misses the Net.
6:35 of 3rd period - Snap shot by Jared Knight.
6:35 of 3rd period - Stopped by Dov Grumet-Morris with a rebound.
6:37 of 3rd period - Snap shot by Jared Knight.
6:37 of 3rd period - Stopped by Dov Grumet-Morris with a rebound.
6:52 of 3rd period - Michael Latta beats up Taylor Doherty.
6:52 of 3rd period - Penalty to Michael Latta for Fighting.
6:52 of 3rd period - Penalty to Taylor Doherty for Fighting.
6:53 of 3rd period - Dominik Uher wins face-off versus C.J. Stretch in neutral zone.
7:15 of 3rd period - Minor Penalty to Joey Mormina for Tripping.
7:16 of 3rd period - Brett Olson wins face-off versus Louis Leblanc in Sharks zone.
7:20 of 3rd period - Snap shot by Brett Olson.
7:20 of 3rd period - Stopped by Dov Grumet-Morris without a rebound.
7:21 of 3rd period - Brett Olson wins face-off versus Louis Leblanc in Sharks zone.
8:17 of 3rd period - Slapshot by Nicolas Deslauriers.
8:17 of 3rd period - Shot Blocked by Keith Ballard.
8:51 of 3rd period - Wrist shot by Alexandre Bolduc.
8:51 of 3rd period - Stopped by Niklas Svedberg with a rebound.
9:09 of 3rd period - David van der Gulik is hit by Joe Morrow and loses puck.
9:15 of 3rd period - Penalty to Joey Mormina is over, Joey Mormina is back on ice.
9:48 of 3rd period - Slapshot by Keith Ballard.
9:48 of 3rd period - Goal by Keith Ballard - Monarchs : 2 - Sharks : 2.
9:49 of 3rd period - Mikhail Grigorenko wins face-off versus Dominik Uher in neutral zone.
9:52 of 3rd period - David van der Gulik is hit by Jason Jaffray and loses puck.
10:21 of 3rd period - Wrist shot by Raffi Torres.
10:21 of 3rd period - Shot Blocked by Brendan Mikkelson.
10:35 of 3rd period - Wrist shot by Richard Panik.
10:35 of 3rd period - Shot Blocked by Brett Olson.
10:37 of 3rd period - Slapshot by Mark Barberio.
10:37 of 3rd period - Goal by Mark Barberio - Monarchs : 2 - Sharks : 3.
10:38 of 3rd period - Mikhail Grigorenko wins face-off versus Mark McNeill in neutral zone.
11:01 of 3rd period - Wrist shot by Tye McGinn.
11:01 of 3rd period - Shot Blocked by Jared Knight.
11:20 of 3rd period - Joe Morrow is hit by Alexandre Bolduc and loses puck.
11:53 of 3rd period - Snap shot by Jason Jaffray.
11:53 of 3rd period - Shot Misses the Net.
11:55 of 3rd period - Snap shot by C.J. Stretch.
11:55 of 3rd period - Shot Blocked by Patrick McNeill.
12:11 of 3rd period - Matej Stransky is hit by Tye McGinn and loses puck.
13:27 of 3rd period - C.J. Stretch is hit by Mike Halmo and loses puck.
13:41 of 3rd period - Slapshot by Keith Ballard.
13:41 of 3rd period - Deflect By C.J. Stretch.
13:41 of 3rd period - Shot Blocked by Mike Halmo.
13:41 of 3rd period - Puck is out of play.
13:42 of 3rd period - Mark McNeill wins face-off versus Mikhail Grigorenko in Sharks zone.
13:49 of 3rd period - Snap shot by Tye McGinn.
13:49 of 3rd period - Stopped by Niklas Svedberg with a rebound.
14:06 of 3rd period - Tye McGinn is hit by Jared Knight and loses puck.
14:27 of 3rd period - Keith Ballard is hit by Patrick McNeill.
14:43 of 3rd period - Joey Mormina is hit by Matej Stransky and loses puck.
14:56 of 3rd period - Snap shot by Nicolas Deslauriers.
14:56 of 3rd period - Shot Misses the Net.
15:50 of 3rd period - Minor Penalty to Bobby Robins for Roughing.
15:51 of 3rd period - Jason Jaffray wins face-off versus Mark McNeill in Monarchs zone.
17:32 of 3rd period - Wrist shot by Mikhail Grigorenko.
17:32 of 3rd period - Shot Misses the Net.
17:50 of 3rd period - Penalty to Bobby Robins is over, Bobby Robins is back on ice.
18:18 of 3rd period - Snap shot by Brett Olson.
18:18 of 3rd period - Stopped by Dov Grumet-Morris without a rebound.
18:19 of 3rd period - Brett Olson wins face-off versus Dominik Uher in Sharks zone.
18:20 of 3rd period - Wrist shot by Matej Stransky.
18:20 of 3rd period - Stopped by Dov Grumet-Morris with a rebound.
18:33 of 3rd period - Icing by Matej Stransky.
18:34 of 3rd period - Alexandre Bolduc wins face-off versus Brett Olson in Monarchs zone.
18:37 of 3rd period - Slapshot by Alexandre Bolduc.
18:37 of 3rd period - Stopped by Niklas Svedberg without a rebound.
18:38 of 3rd period - Alexandre Bolduc wins face-off versus Brett Olson in Monarchs zone.
18:49 of 3rd period - Snap shot by Matej Stransky.
18:49 of 3rd period - Stopped by Dov Grumet-Morris with a rebound.
18:51 of 3rd period - Slapshot by Taylor Doherty.
18:51 of 3rd period - Shot Blocked by Mark Barberio.
18:53 of 3rd period - Slapshot by Brett Olson.
18:53 of 3rd period - Shot Misses the Net.
18:55 of 3rd period - Slapshot by Taylor Doherty.
18:55 of 3rd period - Deflect By Mark Barberio.
18:55 of 3rd period - Stopped by Dov Grumet-Morris without a rebound.
18:56 of 3rd period - John Anderson call a timeout for Monarchs.
18:56 of 3rd period - Mark McNeill wins face-off versus Brett Olson in Sharks zone.
19:01 of 3rd period - Slapshot by Mark Barberio.
19:01 of 3rd period - Stopped by Niklas Svedberg without a rebound.
19:02 of 3rd period - Mark McNeill wins face-off versus Mikhail Grigorenko in Monarchs zone.
19:03 of 3rd period - Slapshot by Nicolas Deslauriers.
19:03 of 3rd period - Deflect By Tye McGinn.
19:03 of 3rd period - Stopped by Niklas Svedberg without a rebound.
19:04 of 3rd period - Mark McNeill wins face-off versus Mikhail Grigorenko in Monarchs zone.
19:05 of 3rd period - Slapshot by Nicolas Deslauriers.
19:05 of 3rd period - Deflect By Tye McGinn.
19:05 of 3rd period - Deflect By Nathan Paetsch.
19:05 of 3rd period - Shot Blocked by Jason Jaffray.
19:05 of 3rd period - Puck is out of play.
19:06 of 3rd period - Mark McNeill wins face-off versus Mikhail Grigorenko in Monarchs zone.
19:27 of 3rd period - Monarchs, Niklas Svedberg is pulled from the net.
19:35 of 3rd period - Slapshot by Keith Ballard.
19:35 of 3rd period - Stopped by Dov Grumet-Morris with a rebound.
19:51 of 3rd period - Wrist shot by Keith Ballard.
19:51 of 3rd period - Stopped by Dov Grumet-Morris without a rebound.
19:52 of 3rd period - Alexandre Bolduc wins face-off versus Mikhail Grigorenko in Sharks zone.
19:54 of 3rd period - Minor Penalty to Brendan Mikkelson for Hooking.
19:55 of 3rd period - Brett Olson wins face-off versus Louis Leblanc in Sharks zone.
Goals for this period are 2 for Monarchs vs 1 for Sharks.
Shots for this period are 16 for Monarchs vs 10 for Sharks.


Output by the SimonT Hockey Simulator (STHS) for Eric Dolegowski -- Original Page W3C XHTML 1.0 Valid
Hockey Simulator - Hockey Simulation - Hockey Manager